 Dungeon Crawl Stone Soup version 0.27.0-1-g7a089689b8 (webtiles) character file.

Game seed: 11071109420107374094

118 Majang the Magician (level 5, 0/35 HPs)
             Began as a Djinni Ice Elementalist on Aug 2, 2021.
             Splashed by Ijyb's acid (12 damage)
             ... on level 3 of the Dungeon.
             The game lasted 00:08:46 (2661 turns).

Majang the Magician (Djinni Ice Elementalist)       Turns: 2661, Time: 00:08:46

Health: 0/35       AC:  2    Str:  7    XL:     5   Next: 23%
Gold:   83         EV: 12    Int: 17    God:
                   SH:  0    Dex: 14

rFire    + + .     SeeInvis .   b - +1 short sword (protect)
rCold    x . .     Faith    .   (no shield)
rNeg     . . .     Spirit   .   a - +0 robe
rPois    ∞         Reflect  .   (no helmet)
rElec    .         Harm     .   (no cloak)
rCorr    .         Rampage  .   (no gloves)
Will     .....                  (boots unavailable)
Stlth    ++........             (no amulet)
HPRegen  0.11/turn              (no ring)
MPRegen  0.00/turn              (no ring)

@: flying
A: sickness immunity, fire resistance 2, cold vulnerability 1, float, innate
caster, hp casting, extra vitality 1
a: no special abilities


You were on level 3 of the Dungeon.
You visited 1 branch of the dungeon, and saw 3 of its levels.

You collected 83 gold pieces.

Inventory:

Hand Weapons
 b - a +1 short sword of protection (weapon)
 i - a +0 flail
Missiles
 h - 8 boomerangs (quivered)
Armour
 a - a +0 robe (worn)
Scrolls
 d - a scroll of acquirement {unknown}
 e - a scroll of identify {unknown}
 g - a scroll of noise {unknown}
 j - a scroll of vulnerability {unknown}
 k - a scroll of teleportation {unknown}
Potions
 c - a potion of curing {unknown}
 f - a potion of flight {unknown}


   Skills:
 - Level 2.1 Dodging
 - Level 1.5 Stealth
 + Level 4.8 Spellcasting


You couldn't memorise any spells.
You knew the following spells:

 Your Spells              Type           Power      Damage    Failure   Level
a - Ozocubu's Armour      Ice            20%        N/A       6%          3
b - Corona                Hex            22%        N/A       1%          1
c - Slow                  Hex            20%        N/A       3%          2
f - Freeze                Ice            80%        1d9       1%          1
h - Hailstorm             Conj/Ice       20%        3d6       19%         4
r - Frozen Ramparts       Ice            40%        1d6       6%          3
Your spell library was empty.

Dungeon Overview and Level Annotations

Branches:
Dungeon (3/15)

Altars:

Annotations:
D:3 Ijyb


Innate Abilities, Weirdness & Mutations

You are immune to sickness and miasma.
You are immune to poison.
Your flesh is very heat resistant. (rF++)
You are vulnerable to cold. (rC-)
You float through the air rather than walking.
You learn spells naturally, not from books.
Your magical power is your life essence.
You have superior vitality. (+4 HP)


Message History

The wall freezes the hobgoblin.
The hobgoblin barely misses you.
The wall freezes the hobgoblin.
The hobgoblin hits you but does no damage.
The wall freezes the hobgoblin.
You kill the hobgoblin!
No target in view!
The frozen ramparts melt away.
Found a spear.
You see here a +0 spear.
Done exploring.
Done exploring.
(D) Dungeon
Where to? (Enter - D:2, ? - help)
What level of the Dungeon? (default 1, ? - help)
You see here a +0 spear.
There is a stone staircase leading down here.
You fly downwards.
There is a stone staircase leading up here.
Ijyb the Twisted Goblin comes into view.
She is wielding a +5 dagger of draining and carrying a wand of acid (7).
What are your orders? t - Shout!
Orders for allies: a - Attack new target. r - Retreat! s - Stop attacking. g - Guard the area. f - Follow me.
Anything else - Cancel.
You shout for attention!
Ijyb shouts!
There is a stone staircase leading up here.
You fly upwards.
There is a stone staircase leading down here.
You start waiting.
Done waiting.
You fly downwards.
Level annotation: Ijyb Ijyb zaps a wand.
The bolt of acid misses you.
There is a stone staircase leading up here.
Ijyb zaps a wand.
The bolt of acid misses you.
Ijyb zaps a wand.
The bolt of acid hits you!!
Ouch! That really hurt!
You are splashed with acid!
You die... ############ ......g...@# ############

You could see Ijyb.

Vanquished Creatures
  Jessica (D:2)
  4 gnolls (D:2)
  An adder (D:2)
  2 worms (D:2)
  An orc (D:2)
  3 bats
  3 endoplasms (D:2)
  5 goblins
  3 hobgoblins (D:2)
  3 jackals (D:2)
  4 quokkas
  A ball python (D:2)
  A frilled lizard (D:1)
  4 kobolds (D:1)
  A rat (D:1)
37 creatures vanquished.

Notes
Turn   | Place    | Note
-------+----------+-------------------------------------------
     0 | D:1      | Majang the Djinni Ice Elementalist began the quest for the
                  | Orb.
     0 | D:1      | Reached XP level 1. HP: 15/15 MP: 0/0
   332 | D:1      | Found a faded altar of an unknown god.
   436 | D:1      | Reached XP level 2. HP: 19/21 MP: 0/0
   963 | D:2      | Noticed Jessica
   972 | D:2      | Reached XP level 3. HP: 18/25 MP: 0/0
   972 | D:2      | Learned a level 1 spell: Corona
   991 | D:2      | Killed Jessica
   992 | D:2      | Reached skill level 4 in Spellcasting
  1263 | D:2      | Reached XP level 4. HP: 28/31 MP: 0/0
  1869 | D:2      | Reached XP level 5. HP: 14/35 MP: 0/0
  1869 | D:2      | Learned a level 2 spell: Slow
  2551 | D:3      | Noticed Ijyb
  2661 | D:3      | Splashed by Ijyb's acid

Illustrated notes

Levels and vault maps discovered:
D:1:      lightli_arrival_boilingwater, layout_loops_ring,
          ebering_ecumenical_altar_abandoned, kennysheep_boxes
D:2:      minmay_door_path, layout_loops_ring, uniq_jessica
D:3:      wad_lake_hut, layout_basic, nicolae_sif_muna_condensation,
          uniq_crazy_yiuf_cottage, uniq_ijyb

Skill      XL: |  1  2  3 |
---------------+----------+-----
Spellcasting   | 4 |  4.8
Dodging        | |  2.1
Stealth        | |  1.5

Action                   |  1- 3 |  4- 6 || total
-------------------------+-------+-------++-------
Melee: Short sword       |     5 |    16 ||    21
Throw: Boomerang         |       |     3 ||     3
 Cast: Freeze            |    23 |     8 ||    31
       Frozen Ramparts   |     2 |    14 ||    16
       Ozocubu's Armour  |       |     2 ||     2
 Stab: Sleeping          |       |     3 ||     3
Armor: Robe              |     4 |     7 ||    11
Dodge: Dodged            |    12 |    16 ||    28
